 Dungeon Crawl Stone Soup version 0.22-a0-479-gc6e99f3 (webtiles) character file.

2005 Laiders72 the Insei (level 9, 0/74 HPs)
             Began as a Red Draconian Transmuter on June 14, 2018.
             Killed from afar by Blork the orc (5 damage)
             ... with a puff of frost
             ... on level 4 of the Dungeon.
             The game lasted 00:18:55 (6103 turns).

Laiders72 the Insei (Red Draconian Transmuter)      Turns: 6103, Time: 00:18:56

Health: 0/74       AC: 14    Str: 13    XL:     9   Next: 2%
Magic:  8/16       EV: 14    Int: 18    God:
Gold:   174        SH:  0    Dex: 13    Spells: 7/17 levels left

rFire    + . .     SeeInvis .     - Unarmed
rCold    . . .     Gourm    .   (no shield)
rNeg     . . .     Faith    .   (armour unavailable)
rPois    .         Spirit   .   (helmet restricted)
rElec    .         Reflect  .   r - +2 cloak
rCorr    .         Harm     .   (no gloves)
MR       .....                  (no boots)
Stlth    +.........             (no amulet)
HPRegen  0.22/turn              f - +4 ring of protection
MPRegen  0.15/turn              m - +3 ring of intelligence

@: berserk cooldown
A: breathe fire, unfitting armour, fire resistance 1, cold-blooded, AC +7
a: Breathe Fire


You were on level 4 of the Dungeon.
You were not hungry.

You visited 1 branch of the dungeon, and saw 5 of its levels.
You also visited: Sewer.

You collected 174 gold pieces.

Inventory:

Missiles
 a - 27 arrows
Armour
 r - a +2 cloak (worn)
Jewellery
 f - a +4 ring of protection (left hand)
 g - an uncursed amulet of regeneration {unknown}
 m - a +3 ring of intelligence (right hand)
Wands
 w - a wand of flame (14)
Scrolls
 d - 7 scrolls of teleportation
 e - a scroll of enchant armour
 j - a scroll of blinking {unknown}
 l - 4 scrolls of remove curse
 n - a scroll of enchant weapon
 o - 2 scrolls of magic mapping
 t - a scroll of fog {unknown}
Potions
 h - a potion of mutation {unknown}
 k - a potion of haste {unknown}
 p - 2 potions of brilliance {unknown}
 s - 4 potions of curing
 u - a potion of heal wounds
Comestibles
 c - 12 rations


   Skills:
 + Level 5.5 Fighting
 + Level 4.8 Dodging
 + Level 5.8 Unarmed Combat
 + Level 4.9 Spellcasting
 + Level 5.5 Transmutations
 + Level 1.0 Ice Magic
 - Level 2.2 Poison Magic


You had 7 spell levels left.
You knew the following spells:

 Your Spells              Type           Power        Failure   Level  Hunger
a - Beastly Appendage     Tmut           ###...       1%          1    None
b - Sticks to Snakes      Tmut           ###.....     1%          2    #......
c - Spider Form           Tmut/Pois      ###.......   9%          3    ###....
d - Ice Form              Ice/Tmut       ###.....     34%         4    ####...

Your spell library contained the following spells:

 Spells                   Type           Power        Failure   Level  Hunger
 Blade Hands              Tmut           ###.......   36%         5    ######.


Dungeon Overview and Level Annotations

Branches:
Dungeon (5/15)
 Temple: D:4-7

Altars:
Vehumet
Xom
The Shining One

Annotations:
D:4 Blork the orc
D:5 Menkaure


Innate Abilities, Weirdness & Mutations

You can breathe blasts of fire.
Your fiery red scales are hard. (AC +7)
You cannot fit into any form of body armour.
Your flesh is heat resistant. (rF+)
You are cold-blooded and may be slowed by cold attacks.


Message History

Your ball python dies!
A puff of flame appears from out of thin air!
The puff of flame misses you.
A magic dart appears from out of thin air!
The magic dart hits you!
A puff of frost appears from out of thin air!
The puff of frost hits you!
* * * LOW HITPOINT WARNING * * *
Blork the orc appears from thin air!
Reactivating autopickup.
Blork the orc gestures at you while chanting.
The magic dart hits you!
* * * LOW HITPOINT WARNING * * *
You feel yourself speed up.
Blork the orc points at you and mumbles some strange words.
The puff of frost hits you!
* * * LOW HITPOINT WARNING * * *
Blork the orc gestures at you while chanting.
The puff of frost hits you!
You die...

.............####...#....#.....##
#.......................?..)...#
#.)##.........##..#._.#........#
#.###...###..####.......##.....##
..# #..## ##.# #o..#....#.......
.####..####..# #.............###
.#..........## #..#..###....## #
...###.......####....## #...## #
.### #..........@.##.## #..## #
.# #...####..#####..###..# ## ##
##..## ##.# ##......## #. #
###...# #.# ##...###.####.
###.....# #.# #...## ##.....
........## #.# ##..## ##.###
#........#####.####...# ##.# #
#...####..............## #..#
##.## ##..###.....###.### #.##


You could see Blork the orc.

Vanquished Creatures
  A two-headed ogre (D:4)
  Prince Ribbit (D:4)
  Sigmund (D:3)
  A phantom (D:4)
  An ice beast (D:4)
  An ogre (D:4)
  4 big kobolds (Sewer)
  2 scorpions (D:4)
  A water moccasin skeleton (D:2)
  A howler monkey (D:4)
  2 orc priests (D:3)
  Crazy Yiuf (D:2)
  An iguana (D:4)
  2 orc wizards (D:3)
  2 worker ants (D:4)
  7 gnolls
  5 adders
  A shadow imp (D:5)
  An ooze (D:1)
  3 worms
  2 dart slugs
  A leopard gecko (D:1)
  10 orcs
  5 ball pythons
  4 giant cockroaches
  9 goblins
  8 hobgoblins
  4 jackals
  4 quokkas
  6 bats
  3 frilled lizards
  A jackal skeleton (D:4)
  9 kobolds
  17 rats
122 creatures vanquished.

Vanquished Creatures (collateral kills)
  A hobgoblin (D:3)
  A jackal (D:3)
2 creatures vanquished.

Grand Total: 124 creatures vanquished

Notes
Turn   | Place    | Note
-------+----------+-------------------------------------------
     0 | D:1      | Laiders72 the Draconian Transmuter began the quest for the Orb.
     0 | D:1      | Reached XP level 1. HP: 16/16 MP: 3/3
   110 | D:1      | Reached XP level 2. HP: 16/23 MP: 5/5
   642 | D:1      | Reached XP level 3. HP: 29/29 MP: 6/6
   646 | D:1      | Learned a level 2 spell: Sticks to Snakes
   650 | D:1      | Learned a level 3 spell: Spider Form
  1333 | D:2      | Found a glowing golden altar of the Shining One.
  1478 | D:2      | Reached XP level 4. HP: 24/36 MP: 7/7
  1668 | D:2      | Found a runed door.
  2075 | D:2      | Noticed Crazy Yiuf
  2086 | D:2      | Killed Crazy Yiuf
  2252 | D:3      | Reached skill level 1 in Poison Magic
  2252 | D:3      | Reached XP level 5. HP: 41/42 MP: 3/9
  2388 | D:3      | Found a glowing drain.
  2393 | Sewer    | Entered a sewer
  2542 | Sewer    | Reached XP level 6. HP: 49/50 MP: 8/10
  2995 | D:3      | Found a shimmering altar of Xom.
  2997 | D:3      | Found a shimmering altar of Xom.
  2998 | D:3      | Found a shimmering altar of Xom.
  2998 | D:3      | Found a shimmering altar of Xom.
  3070 | D:3      | Your scales start taking on a fiery red colour.
  3070 | D:3      | Reached XP level 7. HP: 57/57 MP: 11/11
  3070 | D:3      | Gained mutation: Your flesh is heat resistant. (rF+) [Red Draconian growth]
  3789 | D:3      | Noticed Sigmund
  3806 | D:3      | Killed Sigmund
  4186 | D:4      | Found a radiant altar of Vehumet.
  4402 | D:4      | Reached XP level 8. HP: 66/66 MP: 7/14
  4498 | D:4      | Noticed a two-headed ogre
  4528 | D:4      | Killed a two-headed ogre
  4528 | D:4      | Reached skill level 5 in Fighting
  4528 | D:4      | Reached skill level 5 in Unarmed Combat
  4528 | D:4      | Reached skill level 5 in Transmutations
  4703 | D:4      | Learned a level 4 spell: Ice Form
  5748 | D:5      | Entered Level 5 of the Dungeon
  5758 | D:5      | Noticed Prince Ribbit
  5761 | D:5      | Noticed Menkaure
  5806 | D:4      | Killed Prince Ribbit
  6056 | D:5      | Noticed Blork the orc
  6074 | D:4      | Reached skill level 1 in Ice Magic
  6074 | D:4      | Reached XP level 9. HP: 33/74 MP: 13/16
  6103 | D:4      | Killed from afar by Blork the orc

Vault maps used:
D:1:      sevenhm_arrival_forest_fort_large_4, minmay_misc_feat_four_crosses,
          minmay_tiny_reverse_x
D:2:      first_ration, nicolae_tso_swordbearing_angel, uniq_crazy_yiuf_cottage
D:3:      xom_redecorated, gup_sewer_entry_bowl, grunt_ministairs_5,
          serial_park_tiny_pond, uniq_sigmund
D:4:      vehumet_altar_wand_db
D:5:      lemuel_castle_with_subvaults, nicolae_overflow_hidden_temple,
          minmay_temple_entry_enclosed_plants, serial_shops, shop,
          minmay_misc_feat_doors, nicolae_qazlal_eye_of_the_storm,
          uniq_prince_ribbit1, uniq_menkaure, uniq_blork_the_orc
Sewer:    sewer_co_15_rooms

Skill      XL: |  1  2  3  4  5  6  7  8 |
---------------+-------------------------+-----
Dodging        | 2 3 4 |  4.8
Fighting       | 2 3 4 5 |  5.5
Transmutations | 3 4 5 |  5.5
Poison Magic   | 1 2 |  2.2
Spellcasting   | 3 4 |  4.9
Unarmed Combat | 4 5 |  5.8
Ice Magic      | 1 |  1.0

Action                   |  1- 3 |  4- 6 |  7- 9 || total
-------------------------+-------+-------+-------++-------
Melee: Unarmed           |   109 |   234 |   201 ||   544
       Tailslap          |    14 |    22 |    21 ||    57
       Headbutt          |     2 |       |     4 ||     6
       Kick              |       |     5 |     3 ||     8
       Punch             |       |     1 |     1 ||     2
 Cast: Beastly Appendage |     1 |     4 |     2 ||     7
       Sticks to Snakes  |       |     7 |    20 ||    27
       Spider Form       |       |     2 |     7 ||     9
 Abil: Breathe Fire      |       |       |     2 ||     2
  Use: Scroll            |     2 |       |     7 ||     9
       Potion            |       |       |     2 ||     2
 Stab: Distracted        |       |       |     1 ||     1
  Eat: Chunk             |     2 |     6 |     9 ||    17
       Ration            |       |       |     1 ||     1
Armor: Skin              |    38 |   106 |    64 ||   208
Dodge: Dodged            |    69 |   168 |   180 ||   417

Table legend:
 A = Spawn XP
 B = Non-spawn XP
 C = Spawn XP percentage of total XP
 D = Spawn monster count
 E = Non-spawn monster count
 F = Spawn count percentage of total count
 G = Total turns spent on level
                    A         B        C        D         E        F      G
               +---------+---------+-------+---------+---------+-------+---------
         Total |       0 |    2865 |   0.0 |       0 |     124 |   0.0 |  6103
               +---------+---------+-------+---------+---------+-------+---------
           D:1 |       0 |      43 |   0.0 |       0 |      23 |   0.0 |  1099
           D:2 |       0 |     135 |   0.0 |       0 |      18 |   0.0 |  1089
           D:3 |       0 |     508 |   0.0 |       0 |      40 |   0.0 |  1340
           D:4 |       0 |    1732 |   0.0 |       0 |      26 |   0.0 |  2020
           D:5 |       0 |      11 |   0.0 |       0 |       1 |   0.0 |    40
         Sewer |       0 |     436 |   0.0 |       0 |      16 |   0.0 |   515
               +---------+---------+-------+---------+---------+-------+---------
